 Dungeon Crawl Stone Soup version 0.20-a0-993-gba41c3c (webtiles) character file.

76 Alarkh the Insei (level 4, 24/33 HPs)
             Began as a Demonspawn Transmuter on Apr 11, 2017.
             Got out of the dungeon alive.
             The game lasted 00:02:09 (2886 turns).

Alarkh the Insei (Demonspawn Transmuter)            Turns: 2886, Time: 00:02:10

Health: 24/33      AC:  2    Str: 10    XL:     4   Next: 12%
Magic:  7/7        EV: 12    Int: 16    God:
Gold:   138        SH:  0    Dex: 13    Spells: 6/7 levels left

rFire    . . .     SeeInvis .     - Unarmed
rCold    + . .     Gourm    .   (no shield)
rNeg     . . .     Faith    .   b - +0 robe
rPois    +         Spirit   +   (no helmet)
rElec    .         Reflect  .   (no cloak)
rCorr    .         Harm     .   (no gloves)
MR       .....                  (no boots)
Stlth    +.........             g - amulet of guardian spirit
Regen    0.2/turn               f - ring of poison resistance
MPRegen  0.1/turn               (no ring)

@: no status effects
A: cold resistance 1, powered by death 1
a: no special abilities


You escaped.
You were not hungry.

You visited 1 branch of the dungeon, and saw 3 of its levels.

You collected 138 gold pieces.

Inventory:

Missiles
 a - 32 arrows
Armour
 b - a +0 robe (worn)
Jewellery
 f - a ring of poison resistance (left hand)
 g - an amulet of guardian spirit (around neck)
 l - an uncursed ring of fire
Scrolls
 i - a scroll of enchant armour {unknown}
 k - a scroll of identify {unknown}
 o - a scroll of teleportation {unknown}
 p - a scroll of remove curse {unknown}
 r - a scroll of amnesia
Potions
 e - a potion of heal wounds
 m - 2 potions of curing {unknown}
 n - 3 potions of might {unknown}
Books
 c - a book of Changes

   Spells                             Type                      Level
   a - Beastly Appendage              Transmutation                1
   b - Sticks to Snakes               Transmutation                2
   c - Spider Form                    Transmutation/Poison         3
   d - Ice Form                       Ice/Transmutation            4
   e - Blade Hands                    Transmutation                5
Comestibles
 d - 3 bread rations
 h - 3 fruits
 j - a meat ration
 q - a royal jelly
 s - 3 chunks of flesh


   Skills:
 + Level 2.2 Fighting
 - Level 1.7 Dodging
 * Level 4.1 Unarmed Combat
 - Level 2.0 Spellcasting
 - Level 1.7 Transmutations


You had 6 spell levels left.
You knew the following spells:

 Your Spells              Type           Power        Failure   Level  Hunger
a - Beastly Appendage     Tmut           #.....       12%         1    #......


Dungeon Overview and Level Annotations

Branches:
Dungeon (3/15)

Altars:
Ashenzari
Cheibriados
Elyvilon
Yredelemnul


Innate Abilities, Weirdness & Mutations

Your flesh is cold resistant. (rC+)
You regenerate a little health from kills.


Message History

Your talons disappear.
You start resting.
Magic restored.
You see here a jackal skeleton.
Found a stone staircase leading up.
There is a stone staircase leading up here.
You climb upwards.
There is a stone staircase leading down here.
Eating one of 4 chunks of flesh.
You eat one of the 4 chunks of flesh.
This raw flesh tastes terrible.
There is an open door here.
There is a stone staircase leading up here.
You see here 5 stones.
You climb upwards.
There is a stone staircase leading down, spattered with blood here.
You enter the shallow water.
Moving in this stuff is going to be slow.
There is a staircase leading out of the dungeon here.
Are you sure you want to leave the Dungeon?
This will make you lose the game!
You have escaped!

###########
#@.......># ##
#.........# #≈#
#.........#
#≈≈##.........#
####
#≈≈≈#.........#
#.).
#≈≈≈.........#
#...
#≈≈≈≈........#
#...
##≈≈≈≈≈≈≈≈...#
#...
##≈≈≈≈≈≈≈≈≈≈###
#...


There were no monsters in sight!

Vanquished Creatures
  2 adders
  A worm (D:2)
  5 dart slugs
  2 leopard geckos
  2 bats
  A giant cockroach (D:2)
  3 goblins (D:2)
  3 hobgoblins
  8 jackals (D:3)
  9 frilled lizards
  4 kobolds
  4 rats
44 creatures vanquished.

Notes
Turn   | Place    | Note
-------+----------+-------------------------------------------
     0 | D:1      | Alarkh the Demonspawn Transmuter began the quest for the Orb.
     0 | D:1      | Reached XP level 1. HP: 15/15 MP: 3/3
   256 | D:1      | Reached skill level 3 in Unarmed Combat
   256 | D:1      | Gained mutation: You regenerate a little health from kills. [demonic ancestry]
   256 | D:1      | Reached XP level 2. HP: 16/21 MP: 5/5
  1197 | D:1      | Reached XP level 3. HP: 16/27 MP: 4/6
  1747 | D:2      | Found a snail-covered altar of Cheibriados.
  2487 | D:3      | Found a shattered altar of Ashenzari.
  2544 | D:3      | Found a basalt altar of Yredelemnul.
  2579 | D:3      | Found a white marble altar of Elyvilon.
  2717 | D:3      | Reached skill level 4 in Unarmed Combat
  2748 | D:3      | Gained mutation: Your flesh is cold resistant. (rC+) [demonic ancestry]
  2748 | D:3      | Reached XP level 4. HP: 9/33 MP: 2/7
  2886 | D:$      | Got out of the dungeon alive.

Vault maps used:
D:1:      lemuel_arrival_river_ford
D:2:      nicolae_overflow_hidden_temple, first_bread, minmay_lizard_king
D:3:      old_standard_altar, nicolae_overflow_crystal_walls, lemuel_round_altar

Skill      XL: |  1  2  3 |
---------------+----------+-----
Unarmed Combat | 3 4 |  4.1
Fighting       | 2 |  2.2
Dodging        | |  1.7
Spellcasting   | |  2.0
Transmutations | |  1.7

Action                   |  1- 3 |  4- 6 || total
-------------------------+-------+-------++-------
Melee: Unarmed           |   189 |       ||   189
       Headbutt          |     4 |       ||     4
       Kick              |     9 |       ||     9
       Punch             |     1 |       ||     1
 Cast: Beastly Appendage |    10 |       ||    10
  Use: Scroll            |     1 |       ||     1
       Potion            |     1 |       ||     1
 Stab: Sleeping          |     1 |       ||     1
  Eat: Chunk             |     5 |     1 ||     6
       Fruit             |     1 |       ||     1
Armor: Robe              |    25 |       ||    25
Dodge: Dodged            |   130 |       ||   130
